 Dungeon Crawl Stone Soup version 0.20.1-1-g8b1a95d66d (webtiles) character file.

553732 Gargoyl the Schismatic (level 25, -5/248 HPs)
             Began as a Centaur Abyssal Knight on Dec 12, 2017.
             Was an Elder of Lugonu.
             Slain by a death scarab (6 damage)
             ... on level 3 of the Tomb of the Ancients on Dec 14, 2017.
             The game lasted 03:15:08 (72763 turns).

Gargoyl the Schismatic (Centaur Abyssal Knight)    Turns: 72763, Time: 03:15:08

Health: -5/248     AC: 51    Str: 38    XL:     25   Next: 13%
Magic:  37/37      EV:  5    Int: 18    God:    Lugonu [****..]
Gold:   1210       SH: 30    Dex: 17    Spells: 20/24 levels left

rFire    + + +     SeeInvis +   Y - +4 broad axe (elec)
rCold    + + +     Gourm    .   X - +5 large shield of Rithra {rPois MR++ Int+4}
rNeg     + . .     Faith    .   S - +8 orange crystal plate armour {Archmagi, Int+3 Clar}
rPois    +         Spirit   .   B - +0 hat "Umoov" {rF- Str+7 Int+3 Dex+3}
rElec    +         Reflect  .   F - scarf {rC+ rF+}
rCorr    .         Harm     .   p - +3 pair of gloves of Compassion {rF+++ rC+ Int-5 SInv}
MR       ++++.     Clarity  +   Z - +4 centaur barding {rC+}
Stlth    ..........             H - amulet of Urixkef {rElec rC+ Regen+ Str+3}
Regen    1.0/turn               r - +6 ring of strength
MPRegen  0.3/turn               y - ring of the Queen {rN+ MR+}

@: lethally poisoned (-5 -> -10), slowed
A: hooves 3, iridescent scales 1, rugged brown scales 1, yellow scales 1,
clarity, clever 1, deformed body, speed 2, robust 1, shaggy fur 2, tough skin 3
}: 3/15 runes: serpentine, barnacled, silver
a: Depart the Abyss, Bend Space, Banish, Corrupt, Renounce Religion


You were on level 3 of the Tomb of the Ancients.
You worshipped Lugonu.
Lugonu was greatly pleased with you.
You were not hungry.

You visited 9 branches of the dungeon, and saw 45 of its levels.
You visited the Abyss 6 times.
You also visited: Trove.

You collected 7484 gold pieces.
You spent 6274 gold pieces at shops.

Inventory:

Hand Weapons
 j - a +2 broad axe
 n - a +2 war axe of venom
 O - a +2 hand axe of holy wrath
 Y - a +4 broad axe of electrocution (weapon)
Missiles
 Q - 40 javelins (quivered)
Armour
 p - the +3 pair of gloves of Compassion (worn) {rF+++ rC+ Int-5 SInv}
   (You found it on level 4 of the Snake Pit)

   It affects your intelligence (-5).
   It renders you almost immune to fire.
   It protects you from cold.
   It lets you see invisible.
 w - the +6 plate armour of Pride {rF+++ rC- rCorr Slay+3}
   (You found it on level 5 of the Vaults)

   It affects your accuracy and damage with ranged weapons and melee attacks
   (+3).
   It renders you almost immune to fire.
   It makes you vulnerable to cold.
   It protects you from acid and corrosion.
 B - the +0 hat "Umoov" (worn) {rF- Str+7 Int+3 Dex+3}
   (You found it on level 5 of the Vaults)

   It affects your strength (+7).
   It affects your intelligence (+3).
   It affects your dexterity (+3).
   It makes you vulnerable to fire.
 F - a scarf of resistance (worn)
 S - the +8 orange crystal plate armour (worn) {Archmagi, Int+3 Clar}
   (You found it on level 6 of the Lair of Beasts)

   It affects your intelligence (+3).
   It protects you against confusion.
 X - the +5 large shield of Rithra (worn) {rPois MR++ Int+4}
   (You found it on level 6 of the Lair of Beasts)

   It affects your intelligence (+4).
   It protects you from poison.
   It affects your resistance to hostile enchantments.
 Z - a +4 centaur barding of cold resistance (worn)
Jewellery
 r - a +6 ring of strength (left hand)
 y - the ring of the Queen (right hand) {rN+ MR+}
   (You took it off a deep elf death mage on level 3 of the Elven Halls)

   [ring of protection from magic]

   It protects you from negative energy.
   It affects your resistance to hostile enchantments.
 H - the amulet of Urixkef (around neck) {rElec rC+ Regen+ Str+3}
   (You took it off a yaktaur on level 5 of the Vaults)

   [amulet of regeneration]

   It affects your strength (+3).
   It protects you from cold.
   It insulates you from electricity.
   It increases your rate of regeneration.
 M - the ring of the Mage {Wiz MR++ Int+3}
   (You found it on level 1 of the Lair of Beasts)

   [ring of wizardry]

   It improves your spell success rate.
   It affects your intelligence (+3).
   It affects your resistance to hostile enchantments.
Wands
 s - a wand of clouds (0/9)
 R - a wand of digging (0/24)
Scrolls
 f - 14 scrolls of remove curse
 g - 2 scrolls of blinking
 h - 6 scrolls of identify
 q - a scroll of summoning
 t - 16 scrolls of teleportation
 v - 3 scrolls of fear
 C - a scroll of silence
 D - 12 scrolls of recharging
 E - 3 scrolls of holy word
 I - 2 scrolls of fog
 T - 5 scrolls of magic mapping
 W - 4 scrolls of enchant armour
Potions
 d - 5 potions of resistance
 i - 11 potions of flight
 k - 6 potions of curing
 m - 3 potions of might
 u - 4 potions of berserk rage
 x - 6 potions of brilliance
 z - 3 potions of haste
 A - 5 potions of invisibility
 K - 8 potions of agility
 N - 3 potions of mutation
 P - a potion of ambrosia
Books
 e - a Young Poisoner's Handbook

   Spells                             Type                      Level
   a - Sting                          Conjuration/Poison           1
   b - Poisonous Vapours              Poison/Air                   2
   c - Mephitic Cloud                 Conjuration/Poison/Air       3
   d - Olgreb's Toxic Radiance        Poison                       4
   e - Venom Bolt                     Conjuration/Poison           5
Comestibles
 b - 30 royal jellies
 c - 18 bread rations
 o - 10 meat rations
 G - 7 fruits


   Skills:
 + Level 16.8 Fighting
 + Level 19.4 Axes
 + Level 2.1 Throwing
 * Level 16.4 Armour
 + Level 2.1 Dodging
 + Level 17.8 Shields
 + Level 0.1 Summonings
 * Level 20.7 Invocations
 + Level 0.3 Evocations


You had 20 spell levels left.
You knew the following spells:

 Your Spells              Type           Power        Failure   Level  Hunger
a - Summon Guardian Gole  Hex/Summ       #.......     99%         3    ####...
b - Summon Small Mammal   Summ           #...         87%         1    ##.....


Dungeon Overview and Level Annotations

Branches:
Dungeon (15/15)            Temple (0/1) D:5            Lair (6/6) D:10
 Shoals (4/4) Lair:2        Snake (4/4) Lair:4        Slime (0/5) Lair:5
    Orc (2/2) D:11            Elf (3/3) Orc:2        Vaults (5/5) D:13
  Crypt (3/3) Vaults:3       Tomb (3/3) Crypt:3      Depths (0/5) D:15

Altars:
Dithmenos
Elyvilon
Gozag
Kikubaaqudgha
Vehumet
Zin
The Shining One
Beogh
Jiyva

Shops:
D:12 (   D:13 *   Orc:1 (   Orc:2 [(*[:   Snake:2 %   Vaults:1 **[   Vaults:2 *
Vaults:5 !%:?

Annotations:
D:13 1 runed door
Vaults:5 corrupted


Innate Abilities, Weirdness & Mutations

You have hooves in place of feet.
Armour fits poorly on your strangely shaped body.
You cover ground very quickly.
You have extremely tough skin. (AC +3)
You are partially covered in iridescent scales. (AC +2)
You are partially covered in rugged brown scales. (AC +1, +3% HP)
You are partially covered in yellow scales. (AC +2)
You possess an exceptional clarity of mind.
Your mind is acute. (Int +2)
You are robust. (+10% HP)
You are covered in thick fur. (AC +2)


Message History

The death scarab draws strength from your injuries!
The shadow slips into darkness.
The shadow flickers and vanishes for a moment.
The ushabti shakes and rattles.
The vile air hits the guardian mummy.
The vile air hits the death scarab.
The vile air hits you!
The ushabti shakes and rattles.
The vile air hits the guardian mummy. x2; The vile air hits the death scarab.
The vile air hits you! The bennu pecks you but does no damage.
The bennu claws you but does no damage. You block the bennu's attack.
The mummy priest utters an invocation to its god.
You feel much better.
You are engulfed in dark miasma.
You are poisoned.
* * * LOW HITPOINT WARNING * * *
You feel very sick.
You block the death scarab's attack. x2; The death scarab bites you!
* * * LOW HITPOINT WARNING * * *
The death scarab draws strength from your injuries!
The death scarab bites you.
You die...

########
#......#
#......#
#......#
#...s..#
#..ssW.#
#[ssb..#
+Ws@s.M+


#zsssbM# #sMsM..# #MMM4M.# #88MM§.# .§.MZ4M. )..8M8.§.. .....M.38[.. You could
see 2 bennus, an ancient champion, 3 mummy priests, a soul eater, a hellwing, 7
guardian mummies, 5 ushabtiu, a rust devil, 12 death scarabs, 2 shadows, 4
mummies and a frost giant skeleton.

Vanquished Creatures
  Mara (Snake:4)
  3 ancient liches
  A greater mummy (Tomb:1)
  Sojobo (Tomb:2)
  Bai Suzhen (Crypt:2)
  Frederick (Vaults:2)
  Margery (Crypt:3)
  A golden dragon (Vaults:5)
  Nikola (Vaults:1)
  3 bone dragons
  Jorgrun (Crypt:2)
  4 liches
  4 tentacled monstrosities (Vaults:5)
  The ghost of stonage the Bludgeoner, an adept DsFi of Gozag (Shoals:4)
  2 quicksilver dragons
  3 deep elf blademasters
  2 deep elf master archers (Elf:3)
  4 tentacled starspawn (Abyss:1)
  2 titans (Vaults:5)
  2 krakens
  9 ancient champions
  7 sphinxes
  The ghost of tehanu the Fencer, an adept MiBe of Trog (Shoals:2)
  5 shadow dragons (Vaults:5)
  3 revenants
  5 tengu reavers
  10 nagarajas
  Donald (Snake:2)
  An azure jelly (shapeshifter) (Vaults:5)
  5 fire giants
  Ilsuiw (Shoals:4)
  7 deep elf sorcerers
  3 frost giants
  Aizul (Snake:2)
  17 vault wardens
  An orc warlord (Orc:2)
  8 ghouls
  Louise (Shoals:3)
  6 deep elf elementalists
  3 curse skulls
  A reaper (Crypt:3)
  15 ironheart preservers
  7 very ugly things
  A war gargoyle (Vaults:4)
  2 entropy weavers (Vaults:3)
  10 stone giants
  A lorocyproca (Abyss:1)
  A bennu (Tomb:2)
  3 vampire knights
  4 deep elf demonologists (Elf:3)
  2 dire elephants (Lair:6)
  8 deep elf annihilators
  A green death (Abyss:1)
  6 eidola
  5 merfolk javelineers (Shoals:4)
  4 fire dragons
  12 deep elf death magi
  A blizzard demon (Abyss:1)
  15 mummy priests
  3 deep elf high priests
  Snorg (D:11)
  5 ettins
  6 merfolk impalers
  4 great orbs of eyes
  12 jiangshi
  11 yaktaur captains
  9 naga warriors
  3 ice dragons
  A catoblepas (Lair:6)
  A rakshasa (Vaults:3)
  5 merfolk aquamancers
  3 death knights
  28 vault guards
  2 centaur warriors
  7 anacondas
  Erica (Orc:1)
  5 ogre magi
  An alligator snapping turtle (Shoals:4)
  3 deep troll shamans
  18 two-headed ogres
  A satyr (Shoals:4)
  8 death yaks
  5 merfolk avatars
  37 death scarabs
  4 deep troll earth magi (Vaults:2)
  29 dancing weapons
  8 vampire magi
  2 tengu warriors (D:14)
  2 thrashing horrors (Abyss:1)
  An orc high priest (Orc:2)
  A shock serpent (shapeshifter) (Vaults:5)
  Nergalle (Lair:1)
  3 hell knights (Crypt:3)
  Urug (D:13)
  8 shock serpents
  16 naga sharpshooters
  3 wretched stars (Abyss:1)
  3 soul eaters
  17 deep elf knights
  A sun demon (Abyss:1)
  62 skeletal warriors
  4 shadow wraiths
  3 salamander mystics
  A storm dragon skeleton (Crypt:3)
  The ghost of Giliarius the Cutter, a novice DsAs of Dithmenos (D:7)
  A golden dragon zombie (Tomb:1)
  A death drake (shapeshifter) (D:13)
  25 sea snakes
  5 naga ritualists
  15 deep trolls
  2 tengu zombies (Vaults:4)
  2 glowing orange brains
  3 flayed ghosts
  3 wizards
  2 unseen horrors
  4 starcursed masses (Abyss:1)
  5 large abominations (Abyss:1)
  An anaconda skeleton (Crypt:2)
  24 harpies
  20 orc knights
  15 ironbrand convokers
  A golden dragon skeleton (Abyss:1)
  6 mana vipers
  A lindwurm (Lair:6)
  14 deep elf archers
  A fire giant zombie (Vaults:4)
  7 phantasmal warriors
  A tengu skeleton (Vaults:4)
  6 necromancers
  47 ugly things
  3 wolf spiders
  47 deep elf magi
  7 fauns
  6 orc sorcerers
  5 cyclopes
  10 salamanders
  9 manticores
  A salamander (shapeshifter) (Vaults:5)
  8 elephants
  7 merfolk sirens
  2 stone giant skeletons (Crypt:3)
  6 guardian serpents
  2 iron dragon skeletons
  54 black mambas
  An apocalypse crab (Abyss:1)
  7 water nymphs
  10 naga magi
  A smoke demon (Abyss:1)
  11 vault sentinels
  3 frost giant skeletons
  5 centaur skeletons
  A dire elephant skeleton (Crypt:2)
  A torpor snail (Lair:6)
  A fire giant skeleton (Crypt:3)
  A gargoyle (D:11)
  A black draconian zombie (Crypt:1)
  14 spiny frogs
  A kobold demonologist (Abyss:1)
  A pale draconian zombie (Crypt:2)
  An orange demon (Abyss:1)
  12 rime drakes
  A spiny frog (shapeshifter) (Vaults:1)
  A rime drake (shapeshifter) (Vaults:4)
  An iron troll zombie (Crypt:2)
  9 freezing wraiths
  A tormentor (Abyss:1)
  2 efreet (Abyss:1)
  An alligator snapping turtle skeleton (Crypt:1)
  32 yaktaurs
  A yaktaur (shapeshifter) (Elf:2)
  3 komodo dragons
  17 guardian mummies
  8 trolls
  A yellow draconian skeleton (Crypt:3)
  4 harpy zombies
  32 merfolk
  A queen bee (Lair:3)
  A jumping spider (Vaults:3)
  2 jumping spiders (shapeshifter)
  10 polar bears (Lair:6)
  9 wind drakes
  A bog body (Crypt:3)
  11 blink frogs
  A polar bear (shapeshifter) (Vaults:3)
  5 hornets
  2 harpy skeletons (Crypt:3)
  4 hydra skeletons
  6 snapping turtles
  7 dream sheep
  15 slime creatures
  18 raiju
  3 air elementals
  15 hippogriffs
  A meliai zombie (D:13)
  30 flying skulls
  3 shadows
  3 ettin skeletons
  A spriggan (shapeshifter) (Vaults:3)
  13 water elementals
  A ynoxinul (Abyss:1)
  A fire dragon skeleton (Crypt:3)
  3 vampires
  44 yaks
  A redback (Vaults:3)
  2 yaks (shapeshifter) (Vaults:5)
  A wind drake zombie (Crypt:1)
  2 fire bats (Abyss:1)
  2 hungry ghosts
  7 wraiths
  5 basilisks
  A fire elemental (Elf:3)
  3 ushabtiu (Tomb:1)
  2 neqoxecs (Abyss:1)
  13 steam dragons
  3 wyverns
  6 vampire mosquitoes
  7 swamp worms (D:8)
  11 wargs
  A swamp worm (shapeshifter) (Vaults:5)
  45 nagas
  2 soldier ants
  A soldier ant (shapeshifter) (Vaults:3)
  4 insubstantial wisps (Abyss:1)
  6 acid dragons
  A merfolk skeleton (Crypt:2)
  A gelid demonspawn zombie (Crypt:3)
  19 hell hounds
  13 porcupines
  46 water moccasins
  A deep troll skeleton (Vaults:4)
  2 sky beasts
  A torturous demonspawn skeleton (Crypt:1)
  An infernal demonspawn skeleton (Crypt:2)
  A manticore zombie (Crypt:2)
  37 orc warriors
  2 hornet zombies
  4 necrophages
  14 black bears
  An eye of draining (D:11)
  6 phantoms
  3 ice beasts
  30 ogres
  37 wolves
  2 swamp dragon skeletons (Crypt:3)
  5 boggarts
  13 centaurs
  An ogre (shapeshifter) (D:13)
  3 snapping turtle skeletons (Crypt:3)
  A blink frog skeleton (Crypt:3)
  5 human skeletons
  13 crocodiles
  16 small abominations (Abyss:1)
  A hippogriff zombie (Shoals:3)
  3 big kobolds
  Blork the orc (Orc:2)
  2 human zombies
  A salamander zombie (Crypt:3)
  A cyclops zombie (Crypt:2)
  27 bullfrogs
  2 wyvern zombies
  6 earth elementals
  A glowing shapeshifter simulacrum (Vaults:1)
  A cyclops skeleton (Crypt:3)
  An elf skeleton (Crypt:3)
  2 wyvern skeletons
  10 scorpions
  25 killer bees
  A polar bear skeleton (Crypt:2)
  23 wights
  4 howler monkeys
  6 centaur zombies
  An electric eel (Lair:2)
  8 crimson imps
  2 bullfrog zombies
  3 quasits
  A soldier ant zombie (Crypt:2)
  5 hounds
  4 bullfrog skeletons
  4 jellies
  19 orc priests
  A gnoll shaman (D:6)
  3 iron imps (Abyss:1)
  Jessica (D:2)
  2 iguanas
  24 orc wizards
  Natasha (twice) (D:3)
  A porcupine zombie (Crypt:3)
  13 worker ants
  6 hell rats (Lair:6)
  A crocodile skeleton (Crypt:1)
  A hound zombie (D:7)
  A naga skeleton (Crypt:3)
  A hound skeleton (D:4)
  19 mummies
  A worker ant zombie (D:9)
  Robin (D:3)
  18 gnolls
  26 adders
  A river rat (Lair:3)
  3 shadow imps
  3 white imps (Abyss:1)
  5 ufetubi (Abyss:1)
  An ooze (D:5)
  2 adder skeletons (D:8)
  15 worms
  A dart slug (D:1)
  5 leopard geckos
  104 orcs
  8 bats
  2 bat skeletons (Crypt:2)
  A bat zombie (Shoals:3)
  5 giant cockroaches
  22 goblins
  16 hobgoblins
  14 jackals
  32 kobolds
  6 quokkas
  A frilled lizard (D:3)
  A jackal skeleton (D:4)
  A leopard gecko skeleton (D:9)
  6 rats
  6 crawling corpses (Elf:3)
  3 fungi
  13 plants
  6 starspawn tentacles (Abyss:1)
  5 tentacles
  10 withered plants (Crypt:3)
2349 creatures vanquished.

Vanquished Creatures (others)
  2 tengu reavers (Vaults:5)
  The ghost of tensugalgo the Cruncher, an adept DsGl of Okawaru (Snake:1)
  A vault warden (Vaults:5)
  3 stone giants (Vaults:5)
  An ironheart preserver (Vaults:5)
  A vampire knight (Crypt:1)
  A deep elf demonologist (Vaults:5)
  A mummy priest (Tomb:1)
  A fire dragon (Lair:4)
  3 yaktaur captains (Vaults:5)
  4 hydras
  A naga warrior (Snake:1)
  An anaconda (Snake:1)
  16 death scarabs (Tomb:2)
  The ghost of MondaySad the Severer, a novice MiBe of Trog (D:9)
  A naga sharpshooter (Snake:2)
  A deep elf knight (Elf:2)
  A harpy (Shoals:4)
  A phantasmal warrior (Vaults:5)
  A golden dragon skeleton (Tomb:2)
  2 deep elf magi
  A salamander (Snake:1)
  A guardian serpent (Snake:1)
  An elephant (Lair:5)
  2 black mambas
  A merfolk siren (Shoals:4)
  A guardian mummy (Tomb:2)
  3 hornets
  5 flying skulls (Tomb:2)
  2 steam dragons
  3 nagas (Snake:1)
  A soldier ant (D:8)
  4 hell hounds (Abyss:1)
  A water moccasin (Snake:1)
  2 orc warriors
  A boggart (Vaults:1)
  A crimson imp (D:5)
  19 fungi
  A lurking horror (Abyss:1)
  38 plants
  23 starspawn tentacles
  6 tentacles
162 creatures vanquished.

Grand Total: 2511 creatures vanquished

Notes
Turn   | Place    | Note
-------+----------+-------------------------------------------
     0 | Abyss:1  | Gargoyl the Centaur Abyssal Knight began the quest for the Orb.
     0 | Abyss:1  | Reached XP level 1. HP: 19/19 MP: 2/2
    72 | Abyss:1  | Noticed a small abomination
    73 | Abyss:1  | Noticed an ancient lich
    83 | Abyss:1  | Noticed a small abomination
   112 | D:1      | Escaped the Abyss
   647 | D:1      | Reached * piety under Lugonu
   647 | D:1      | Reached XP level 2. HP: 24/26 MP: 3/3
   970 | D:1      | Reached XP level 3. HP: 31/31 MP: 4/4
  1323 | D:2      | Found a shadowy altar of Dithmenos.
  1523 | D:2      | Reached ** piety under Lugonu
  1857 | D:2      | Noticed Jessica
  1863 | D:2      | Killed Jessica
  1863 | D:2      | Reached XP level 4. HP: 32/38 MP: 5/5
  2442 | D:3      | Noticed Natasha
  2447 | D:3      | Killed Natasha
  2447 | D:3      | Reached XP level 5. HP: 45/45 MP: 5/7
  2913 | D:3      | Reached skill level 3 in Invocations
  2933 | D:3      | Noticed Robin
  2941 | D:3      | Killed Robin
  3559 | D:3      | Reached *** piety under Lugonu
  3863 | D:3      | Noticed Natasha
  3876 | D:3      | Killed Natasha
  3876 | D:3      | Reached XP level 6. HP: 28/52 MP: 8/8
  4897 | D:4      | Reached XP level 7. HP: 59/59 MP: 9/9
  4950 | D:4      | Reached skill level 1 in Shields
  5480 | D:4      | Reached **** piety under Lugonu
  5619 | D:4      | Reached skill level 4 in Invocations
  5798 | D:4      | Reached skill level 5 in Axes
  5976 | D:5      | Entered Level 5 of the Dungeon
  5987 | D:5      | Found a staircase to the Ecumenical Temple.
  6045 | D:5      | Reached XP level 8. HP: 66/66 MP: 4/11
  6226 | D:5      | Reached skill level 5 in Invocations
  7223 | D:6      | Reached skill level 5 in Fighting
  7439 | D:7      | Reached skill level 1 in Dodging
  7439 | D:7      | Reached XP level 9. HP: 59/74 MP: 13/13
  7586 | D:7      | Noticed Giliarius's ghost (novice DsAs)
  7588 | D:7      | Reached skill level 5 in Armour
  7647 | D:7      | Killed Giliarius's ghost
  7647 | D:7      | Reached skill level 6 in Invocations
  7652 | D:7      | Reached ***** piety under Lugonu
  8690 | D:8      | Paralysed by a hornet for 2 turns
  8966 | D:8      | Reached XP level 10. HP: 69/83 MP: 15/15
  9652 | D:8      | Reached skill level 7 in Invocations
  9835 | D:8      | Gained mutation: You are dopey. (Int -2) [potion of mutation]
  9835 | D:8      | Gained mutation: Your magical capacity is low. (-10% MP) [potion of mutation]
  9835 | D:8      | Gained mutation: You are resistant to electric shocks. (rElec) [potion of mutation]
 10748 | D:9      | Noticed MondaySad's ghost (novice MiBe)
 10883 | D:9      | Banished MondaySad's ghost
 10965 | D:9      | Paralysed by a hornet for 3 turns
 10972 | D:9      | Paralysed by a hornet for 2 turns
 11124 | D:9      | Noticed a manticore
 11142 | D:9      | Killed a manticore
 11142 | D:9      | Reached skill level 8 in Invocations
 11393 | D:10     | Entered Level 10 of the Dungeon
 11426 | D:10     | Noticed a two-headed ogre
 11439 | D:10     | Killed a two-headed ogre
 11439 | D:10     | Reached XP level 11. HP: 51/91 MP: 15/15
 11741 | D:10     | Identified a scroll of acquirement
 11742 | D:10     | Got a twisted large shield
 11753 | D:10     | Identified the +0 large shield of Duty {rElec Int+5} (You acquired it on level 10 of the Dungeon)
 11817 | D:10     | Lost mutation: Your magical capacity is low. (-10% MP) [potion of mutation]
 11817 | D:10     | Lost mutation: You are dopey. (Int -2) [potion of mutation]
 11817 | D:10     | Lost mutation: You are resistant to electric shocks. (rElec) [potion of mutation]
 11817 | D:10     | Gained mutation: Your flesh is cold resistant. (rC+) [potion of mutation]
 11817 | D:10     | Gained mutation: You are frail. (-10% HP) [potion of mutation]
 11817 | D:10     | Gained mutation: You are surrounded by a mild repulsion field. (EV +2) [potion of mutation]
 11817 | D:10     | Gained mutation: You have a pair of small horns on your head. [potion of mutation]
 11856 | D:10     | Found a staircase to the Lair.
 12316 | Lair:1   | Entered Level 1 of the Lair of Beasts
 12538 | Lair:1   | Reached skill level 9 in Invocations
 12840 | Lair:1   | Noticed Nergalle
 12844 | Lair:1   | Noticed a spectral orc warlord
 12863 | Lair:1   | Killed Nergalle
 12863 | Lair:1   | Reached skill level 5 in Shields
 14091 | Lair:2   | Found a staircase to the Shoals.
 14416 | Lair:2   | Reached skill level 10 in Invocations
 14619 | Lair:2   | Reached XP level 12. HP: 89/90 MP: 19/19
 15300 | Lair:3   | Reached skill level 10 in Axes
 16920 | Lair:3   | Reached ****** piety under Lugonu
 17246 | Lair:4   | Found a staircase to the Snake Pit.
 17409 | Lair:4   | Noticed a seven-headed hydra
 17757 | Lair:4   | Banished an eight-headed hydra
 17762 | Snake:1  | Entered Level 1 of the Snake Pit
 17770 | Snake:1  | Noticed a naga warrior
 17776 | Snake:1  | Noticed tensugalgo's ghost (adept DsGl)
 17824 | Snake:1  | Reached XP level 13. HP: 50/96 MP: 9/21
 17880 | Snake:2  | Reached skill level 11 in Invocations
 19200 | Lair:4   | Noticed a fire dragon
 19225 | Lair:4   | Banished a fire dragon
 19899 | Lair:5   | Found a viscous altar of Jiyva.
 19900 | Lair:5   | Found a staircase to the Slime Pits.
 19930 | Lair:5   | Reached skill level 12 in Invocations
 20561 | Lair:6   | Entered Level 6 of the Lair of Beasts
 20621 | Lair:6   | Got a smoking large shield
 20632 | Lair:6   | Identified the +5 large shield of Rithra {rPois MR++ Int+4} (You found it on level 6 of the Lair of Beasts)
 20673 | Lair:6   | Lost mutation: You are frail. (-10% HP) [potion of mutation]
 20673 | Lair:6   | Lost mutation: You are surrounded by a mild repulsion field. (EV +2) [potion of mutation]
 20673 | Lair:6   | Lost mutation: You have a pair of small horns on your head. [potion of mutation]
 20673 | Lair:6   | Lost mutation: Your flesh is cold resistant. (rC+) [potion of mutation]
 20673 | Lair:6   | Gained mutation: You are somewhat resistant to further mutation. [potion of mutation]
 20673 | Lair:6   | Gained mutation: You are partially covered in yellow scales. (AC +2) [potion of mutation]
 20742 | Lair:6   | Reached skill level 1 in Throwing
 21868 | Lair:6   | Reached XP level 14. HP: 116/116 MP: 23/23
 23620 | Lair:6   | Reached skill level 10 in Armour
 23645 | Abyss:1  | Got a warped morningstar
 23646 | Abyss:1  | Identified the +4 morningstar of Dawn {drain, rElec rPois} (You found it on level 1 of the Abyss)
 23696 | Abyss:1  | Noticed a tentacled starspawn
 23709 | Abyss:1  | Killed a tentacled starspawn
 23835 | Lair:6   | Escaped the Abyss
 24226 | Lair:6   | Reached skill level 13 in Invocations
 24898 | D:11     | Found a staircase to the Orcish Mines.
 25190 | D:11     | Noticed Snorg
 25245 | D:11     | Killed Snorg
 25835 | D:12     | Found a white marble altar of Elyvilon.
 26000 | D:12     | Found Fiowureg's Antique Weapon Boutique.
 26428 | D:12     | Found a radiant altar of Vehumet.
 26610 | D:12     | Reached XP level 15. HP: 125/125 MP: 24/24
 27219 | D:13     | Found Ekutulok's Assorted Antiques.
 27227 | D:13     | Bought a scroll labeled CIL OLLORCHEAGA for 28 gold pieces
 27301 | D:13     | Found a gate to the Vaults.
 27684 | D:13     | Noticed Urug
 27714 | D:13     | Killed Urug
 27745 | D:13     | Found a runed door.
 27745 | D:13     | Found a glowing golden altar of the Shining One.
 27771 | D:13     | Learned a level 3 spell: Summon Guardian Golem
 27849 | D:13     | Reached skill level 10 in Shields
 27979 | D:13     | Learned a level 1 spell: Summon Small Mammal
 29379 | D:14     | Gained mutation: You are robust. (+10% HP) [mutagenic meat]
 29381 | D:14     | Gained mutation: Your mind is acute. (Int +2) [mutagenic meat]
 29384 | D:14     | Gained mutation: You are partially covered in iridescent scales. (AC +2) [mutagenic meat]
 29386 | D:14     | Gained mutation: You are partially covered in rugged brown scales. (AC +1, +3% HP) [mutagenic meat]
 29432 | D:14     | Lost mutation: You are somewhat resistant to further mutation. [potion of mutation]
 29432 | D:14     | Lost mutation: Your mind is acute. (Int +2) [potion of mutation]
 29432 | D:14     | Gained mutation: You are covered in fur. (AC +1) [potion of mutation]
 29432 | D:14     | Gained mutation: Your mind is acute. (Int +2) [potion of mutation]
 29686 | D:14     | Gained mutation: You have a pair of small antennae on your head. [mutagenic meat]
 29687 | D:14     | Lost mutation: You have a pair of small antennae on your head. [mutagenic meat]
 29688 | D:14     | Gained mutation: You possess an exceptional clarity of mind. [mutagenic meat]
 29689 | D:14     | Gained mutation: You are covered in thick fur. (AC +2) [mutagenic meat]
 29815 | D:15     | Entered Level 15 of the Dungeon
 30062 | D:15     | Reached skill level 14 in Invocations
 30187 | D:15     | Reached skill level 10 in Fighting
 30197 | D:15     | Found a glowing silver altar of Zin.
 30405 | D:15     | Found a staircase to the Depths.
 30735 | Orc:1    | Entered Level 1 of the Orcish Mines
 30786 | Orc:1    | Found Figim's Antique Weapon Shoppe.
 30819 | Orc:1    | Reached XP level 16. HP: 111/151 MP: 26/26
 31020 | Orc:2    | Entered Level 2 of the Orcish Mines
 31066 | Orc:1    | Noticed Erica
 31099 | Orc:1    | Killed Erica
 31344 | Orc:2    | Noticed Blork the orc
 31379 | Orc:2    | Killed Blork the orc
 31538 | Orc:2    | Found a roughly hewn altar of Beogh.
 31574 | Orc:2    | Found Gussuapo's Antique Armour Shop.
 31786 | Orc:2    | Found Joboucev's General Store.
 32061 | Orc:2    | Found a staircase to the Elven Halls.
 32236 | Orc:2    | Found Jyesobym's Antique Weapon Shop.
 32242 | Orc:2    | Bought a glowing hand axe for 126 gold pieces
 32254 | Orc:2    | Found Oclui's Book Shop.
 32321 | Orc:2    | Found Ekkirr's Antique Armour Emporium.
 33286 | Snake:1  | Banished tensugalgo's ghost
 34369 | Snake:2  | Found Xoiwk's Food Boutique.
 35093 | Snake:2  | Noticed Donald
 35128 | Snake:2  | Killed Donald
 35128 | Snake:2  | Reached skill level 15 in Invocations
 35670 | Snake:2  | Noticed Aizul
 35720 | Snake:2  | Killed Aizul
 37006 | Snake:3  | Reached XP level 17. HP: 139/159 MP: 23/28
 37319 | Snake:4  | Entered Level 4 of the Snake Pit
 37800 | Snake:4  | Noticed Mara
 39382 | Snake:4  | Noticed Gargoyl's illusion
 39421 | Snake:4  | Killed Mara
 39632 | Snake:4  | Got a pair of ichor-stained gloves
 39643 | Snake:4  | Identified the +3 pair of gloves of Compassion {rF+++ rC+ Int-5 SInv} (You found it on level 4 of the Snake Pit)
 40183 | Snake:4  | Reached XP level 18. HP: 88/170 MP: 29/29
 40320 | Snake:4  | Got a serpentine rune of Zot
 40635 | Vaults:1 | Entered Level 1 of the Vaults
 41059 | Vaults:1 | Reached skill level 16 in Invocations
 41139 | Vaults:1 | Noticed Nikola
 41186 | Vaults:1 | Killed Nikola
 41459 | Vaults:1 | Found Gozag's Assorted Antiques.
 41460 | Vaults:1 | Found an opulent altar of Gozag.
 41461 | Vaults:1 | Found Gozag's Assorted Antiques.
 41470 | Vaults:1 | Found Gozag's Antique Armour Shoppe.
 41692 | Vaults:1 | Bought a potion of heal wounds for 500 gold pieces
 41692 | Vaults:1 | Bought a scroll of enchant weapon for 750 gold pieces
 41992 | Vaults:1 | Bought a runed centaur barding for 2600 gold pieces
 42846 | Vaults:2 | Reached skill level 15 in Axes
 43432 | Vaults:2 | Noticed Frederick
 43433 | Vaults:2 | Found Kimanuh's General Store.
 43450 | Vaults:2 | Killed Frederick
 43556 | Vaults:2 | Reached XP level 19. HP: 166/180 MP: 31/31
 44427 | Vaults:3 | Found a staircase to the Crypt.
 44448 | Crypt:1  | Entered Level 1 of the Crypt
 44787 | Abyss:1  | Found a shadowy altar of Dithmenos.
 44787 | Abyss:1  | Paralysed by accursed screaming for 1 turns
 45091 | Crypt:1  | Escaped the Abyss
 45725 | Crypt:1  | Reached skill level 17 in Invocations
 47134 | Crypt:2  | Noticed Jorgrun
 47154 | Crypt:2  | Killed Jorgrun
 47167 | Crypt:2  | Reached XP level 20. HP: 59/193 MP: 32/32
 48146 | Elf:1    | Entered Level 1 of the Elven Halls
 48802 | Elf:1    | Identified the Grimoire of Attacks
 49913 | Elf:2    | Found a runed gate.
 49913 | Elf:2    | Found a runed gate.
 49914 | Elf:2    | Found a runed gate.
 50997 | Elf:3    | Entered Level 3 of the Elven Halls
 53154 | Vaults:3 | Reached skill level 18 in Invocations
 53474 | Vaults:4 | Found a portal to a secret trove of treasure.
 53976 | Vaults:2 | Reached XP level 21. HP: 203/203 MP: 34/34
 55061 | Vaults:4 | Reached skill level 15 in Shields
 55229 | Vaults:5 | Entered Level 5 of the Vaults
 55230 | Vaults:5 | Corrupted Vaults:5
 55574 | Crypt:2  | Noticed Bai Suzhen
 55611 | Crypt:2  | Killed Bai Suzhen
 56326 | Crypt:3  | Entered Level 3 of the Crypt
 56805 | Crypt:3  | Noticed Margery
 56825 | Crypt:3  | Killed Margery
 57034 | Crypt:3  | Found a staircase to the Tomb.
 57488 | Crypt:3  | Found an ancient bone altar of Kikubaaqudgha.
 57546 | Crypt:3  | Noticed an ancient lich
 57564 | Crypt:3  | Killed an ancient lich
 57591 | Crypt:3  | Reached XP level 22. HP: 117/214 MP: 35/35
 59026 | Orc:2    | Bought a book of Annihilations for 1545 gold pieces
 59265 | Vaults:4 | You paid a toll of a book of Annihilations to enter a treasure trove
 59266 | Trove    | Entered a treasure trove
 59271 | Trove    | Got an ancient amber ring
 59273 | Trove    | Got a fine ivory amulet
 59275 | Trove    | Got a slimy ivory ring
 59277 | Trove    | Got a translucent graven amulet
 59285 | Trove    | Identified the amulet "Qouts" {Gourm Int+2} (You found it in a treasure trove)
 59286 | Trove    | Identified the amulet "Neluol" {Gourm rC+} (You found it in a treasure trove)
 59291 | Trove    | Got a twitching glass ring
 59293 | Trove    | Got a scintillating jade amulet
 59310 | Trove    | Got a vibrating ivory amulet
 59313 | Trove    | Identified the amulet "Otuhinn" {+Blink +Rage rC+ Int-5 Dex+2} (You found it in a treasure trove)
 59316 | Trove    | Got a heavily runed ruby amulet
 59318 | Trove    | Identified the amulet of Ofyulura {Faith rN++ Str+4 Int+2 Slay-4} (You found it in a treasure trove)
 59322 | Trove    | Got a fine lapis lazuli ring
 59326 | Trove    | Identified the amulet of Gesongai {Regen+ Int+3} (You found it in a treasure trove)
 59335 | Trove    | Identified the ring "Fuhibbow" {Ice +Blink rElec} (You found it in a treasure trove)
 59336 | Trove    | Identified the ring of Bischy {*Slow +Blink rF+ Stlth+} (You found it in a treasure trove)
 59337 | Trove    | Identified the ring "Roygenij" {Fire Str+2 Dex+4} (You found it in a treasure trove)
 59339 | Trove    | Identified the ring "Amauny" {Ice rN+ MR+ Int-2} (You found it in a treasure trove)
 59347 | Trove    | Got a twitching copper ring
 59350 | Trove    | Got a scorched granite ring
 59356 | Trove    | Got a fine jade ring
 59369 | Vaults:4 | Identified the ring "Toish" {rElec SInv} (You found it in a treasure trove)
 59372 | Vaults:4 | Identified the ring of Beauty {+Fly rElec rF- Int+2 Dex+3} (You found it in a treasure trove)
 59373 | Vaults:4 | Identified the ring of Lugonu's Fury {+Inv +Fly Int+10 Stlth-} (You found it in a treasure trove)
 59773 | Elf:3    | Reached skill level 19 in Invocations
 60325 | Elf:3    | Got a steaming platinum ring
 60328 | Elf:3    | Got a brightly glowing hand axe {speed}
 60329 | Elf:3    | Identified the cursed +1 hand axe "Feir" {speed, -Tele MP+9 Int+4 Dex+4} (You took it off a deep elf death mage on level 3 of the Elven Halls)
 60331 | Elf:3    | Identified the ring of the Queen {rN+ MR+} (You took it off a deep elf death mage on level 3 of the Elven Halls)
 60431 | Elf:3    | Reached skill level 15 in Armour
 60799 | Elf:3    | Got a heavily runed diamond amulet
 60800 | Elf:3    | Identified Dettem's Papyrus of Good Luck and Dislocation
 60833 | Elf:3    | Identified the amulet of Februofi {Inacc rF+ rN+} (You found it on level 3 of the Elven Halls)
 60846 | Elf:3    | Identified the Guide on Destructive Benedictions
 61671 | Vaults:4 | Reached skill level 15 in Fighting
 62211 | Vaults:5 | Reached XP level 23. HP: 171/224 MP: 36/36
 62408 | Vaults:5 | Found Ingurchum's Book Shoppe.
 62578 | Abyss:1  | Found a corrupted altar of Lugonu.
 62674 | Abyss:1  | Killed an ancient lich
 62703 | Vaults:5 | Escaped the Abyss
 62824 | Vaults:5 | Got a faintly humming hat
 62835 | Vaults:5 | Identified the cursed +0 hat "Umoov" {rF- Str+7 Int+3 Dex+3} (You found it on level 5 of the Vaults)
 63080 | Vaults:5 | Got a twitching copper ring
 63335 | Vaults:5 | Got a silver rune of Zot
 63781 | Vaults:5 | Got a coiled jade amulet
 63863 | Vaults:5 | Got a faintly glowing plate armour
 63874 | Vaults:5 | Identified the +6 plate armour of Pride {rF+++ rC- rCorr Slay+3} (You found it on level 5 of the Vaults)
 64046 | Vaults:5 | Found Qixanim's Magic Scroll Shoppe.
 64059 | Vaults:5 | Noticed an ancient lich
 64081 | Vaults:5 | Killed an ancient lich
 64156 | Vaults:5 | Bought a scroll of enchant weapon for 112 gold pieces
 64156 | Vaults:5 | Bought a scroll of enchant weapon for 112 gold pieces
 64156 | Vaults:5 | Bought a scroll of blinking for 112 gold pieces
 64156 | Vaults:5 | Bought a scroll of blinking for 112 gold pieces
 64156 | Vaults:5 | Bought a scroll of blinking for 112 gold pieces
 64156 | Vaults:5 | Bought a scroll of teleportation for 45 gold pieces
 64166 | Vaults:5 | Found Iryess's Distillery.
 64170 | Vaults:5 | Bought a potion of ambrosia for 120 gold pieces
 64275 | Vaults:5 | Found Citeikh's Food Shoppe.
 64532 | Tomb:1   | Entered Level 1 of the Tomb of the Ancients
 65331 | Tomb:1   | Got a warped broad axe
 65349 | Tomb:1   | Identified the cursed +0 broad axe of Tortfeasance {protect, Int+2} (You found it on level 1 of the Tomb of the Ancients)
 65479 | Tomb:1   | Reached skill level 20 in Invocations
 65479 | Tomb:1   | Reached XP level 24. HP: 126/236 MP: 36/37
 65752 | Tomb:1   | Identified the ring of Faun {*Contam +Blink rF+ rC+} (You found it on level 5 of the Vaults)
 65753 | Tomb:1   | Identified the amulet of Urixkef {rElec rC+ Regen+ Str+3} (You took it off a yaktaur on level 5 of the Vaults)
 66090 | Tomb:1   | Noticed a greater mummy
 66788 | Shoals:1 | Entered Level 1 of the Shoals
 66852 | Shoals:1 | Got a translucent shield
 66863 | Shoals:1 | Identified the +0 shield of the Pits of Slime {rC+ Int+2} (You acquired it on level 1 of the Shoals)
 67755 | Shoals:2 | Noticed tehanu's ghost (adept MiBe)
 67757 | Shoals:2 | Got a heavily runed steel amulet
 67773 | Shoals:2 | Killed tehanu's ghost
 67783 | Shoals:2 | Identified the amulet of Awe {rPois rN+ Regen+} (You found it on level 2 of the Shoals)
 68184 | Shoals:3 | Noticed Louise
 68226 | Shoals:3 | Killed Louise
 68753 | Shoals:4 | Entered Level 4 of the Shoals
 68753 | Shoals:4 | Noticed stonage's ghost (adept DsFi)
 68784 | Shoals:4 | Killed stonage's ghost
 68802 | Shoals:4 | Noticed Ilsuiw
 68827 | Shoals:4 | Killed Ilsuiw
 69475 | Shoals:4 | Got a barnacled rune of Zot
 70681 | Tomb:1   | Killed a greater mummy
 71367 | Tomb:2   | Noticed Sojobo
 71371 | Tomb:2   | Noticed a greater mummy
 71372 | Tomb:2   | Noticed a greater mummy
 71956 | Tomb:2   | Escaped the Abyss
 71957 | Tomb:2   | Noticed a greater mummy
 71958 | Tomb:2   | Noticed a greater mummy
 72273 | Tomb:2   | Escaped the Abyss
 72320 | Tomb:2   | Killed Sojobo
 72320 | Tomb:2   | Reached XP level 25. HP: 100/245 MP: 37/37
 72741 | Tomb:3   | Entered Level 3 of the Tomb of the Ancients
 72762 | Tomb:3   | HP: 8/247 [death scarab (12)]
 72763 | Tomb:3   | HP: 1/248 [death scarab (14)]
 72763 | Tomb:3   | Slain by a death scarab

Skill      XL: |  1  2  3  4  5  6  7  8  9 10 11 12 13 14 15 16 17 18 19 20 21 22 23 24 |
---------------+-------------------------------------------------------------------------+-----
Axes           | 2 3 4 5 6 7 8 9 10 11 12 13 14 15 16 17 18 19 | 19.4
Armour         | 2 3 4 5 6 7 8 9 10 11 12 13 14 15 16 | 16.4
Invocations    | 3 4 5 6 8 10 12 13 14 15 16 17 18 19 20 | 20.7
Fighting       | 4 5 6 7 8 9 10 11 12 13 14 15 16 | 16.8
Shields        | 1 2 3 4 5 7 8 9 10 11 12 13 14 15 16 17 | 17.8
Dodging        | 1 2 |  2.1
Throwing       | 1 2 |  2.1
Summonings     | |  0.1
Evocations     | |  0.3

Action                   |  1- 3 |  4- 6 |  7- 9 | 10-12 | 13-15 | 16-18 | 19-21 | 22-24 | 25-27 || total
-------------------------+-------+-------+-------+-------+-------+-------+-------+-------+-------++-------
Melee: Hand axe          |   116 |   213 |   458 |  1108 |  2934 |  1780 |       |       |       ||  6609
       Kick              |     8 |    31 |   148 |   383 |  1222 |  1030 |  1135 |  1019 |    19 ||  4995
       Headbutt          |       |       |       |   179 |   116 |       |       |       |       ||   295
       War axe           |       |       |       |       |       |   806 |  1588 |   209 |       ||  2603
       Broad axe         |       |       |       |       |       |       |   935 |  1846 |    47 ||  2828
Throw: Javelin           |       |       |       |     3 |    19 |       |     2 |     6 |       ||    30
Invok: Depart the Abyss  |     1 |       |       |       |     1 |       |     1 |     3 |       ||     6
       Banish            |       |       |     3 |    16 |    15 |     5 |    12 |     2 |       ||    53
       Enter the Abyss   |       |       |       |       |     1 |       |     1 |     3 |       ||     5
       Bend Space        |       |       |       |       |     1 |     4 |     3 |     1 |       ||     9
       Corrupt           |       |       |       |       |       |       |     1 |       |       ||     1
Evoke: Wand              |       |       |     1 |     4 |     5 |       |       |       |     1 ||    11
  Use: Scroll            |     6 |     5 |    14 |    11 |    11 |     6 |    10 |    38 |     1 ||   102
       Potion            |       |       |       |    10 |     6 |     3 |    11 |     7 |     1 ||    38
 Stab: Confused          |       |       |       |     2 |       |       |       |       |       ||     2
       Petrified         |       |       |       |       |    10 |       |       |       |       ||    10
       Distracted        |       |       |       |       |       |     2 |       |     3 |       ||     5
  Eat: Chunk             |     2 |     9 |    12 |    25 |    52 |    15 |    26 |    23 |     1 ||   165
       Bread ration      |       |       |       |     1 |     1 |       |     2 |     3 |       ||     7
       Royal jelly       |       |       |       |       |     1 |       |       |     2 |       ||     3
       Meat ration       |       |       |       |       |     1 |       |     3 |     2 |       ||     6
       Fruit             |       |       |       |       |       |    29 |       |       |       ||    29
Armor: Ring mail         |    79 |    19 |       |       |       |       |       |       |       ||    98
       Leather armour    |     3 |       |       |       |       |       |       |       |       ||     3
       Scale mail        |       |    44 |       |       |       |       |       |       |       ||    44
       Plate armour      |       |    53 |   377 |   675 |   514 |       |       |       |       ||  1619
       Crystal plate arm |       |       |       |       |   922 |  1225 |  1898 |  1186 |    73 ||  5304
Dodge: Dodged            |    54 |    34 |    47 |   169 |   200 |    58 |   128 |   177 |    22 ||   889
Block: Shield            |    16 |    94 |   213 |   146 |       |       |       |       |       ||   469
       Large shield      |       |       |       |   827 |  2807 |  2616 |  3108 |  2492 |    84 || 11934
